 Dungeon Crawl Stone Soup version 0.29-a0-322-g68df515428 (webtiles) character file.

Game seed: 12787788210476301997

2375 zishaf the Cutter (level 9, -4/49 HPs)
             Began as a Vine Stalker Brigand on Apr 5, 2022.
             Was a Follower of Uskayaw.
             Slain by an orc warrior
             ... wielding a +0 halberd
              (6 damage)
             ... in a bailey.
             The game lasted 00:10:24 (6312 turns).

zishaf the Cutter (Vine Stalker Brigand)            Turns: 6312, Time: 00:10:25

Health: -4/49      AC: 10    Str: 18    XL:     9   Next: 45%
Magic:  0/14       EV: 19    Int: 11    God:    Uskayaw [*.....]
Gold:   330        SH:  0    Dex: 16    Spells: 8/8 levels left

rFire   + . .      SeeInvis .   a - +2 dagger
rCold   . . .      Faith    .   h - orb {light}
rNeg    . . .      Spirit   +   r - +2 leather armour {rF+}
rPois   .          Reflect  .   l - +2 helmet
rElec   .          Harm     .   c - +0 cloak
rCorr   .          Rampage  .   z - +0 pair of gloves
Will    +....                   (no boots)
Stlth   +.........              t - amulet of regeneration
HPRegen 1.76/turn               v - +4 ring of evasion
MPRegen 0.14/turn               x - +4 ring of evasion

@: confused, mighty, ambrosia-drunk, on berserk cooldown, slowed, glowing, very
slow
A: fangs 3, regeneration 1, magic shield, antimagic bite, no potion heal 2
a: Renounce Religion, Stomp


You were in a bailey.
You worshipped Uskayaw.
Uskayaw was noncommittal.
You visited 2 branches of the dungeon, and saw 8 of its levels.
You also visited: Bailey.

You collected 330 gold pieces.

Inventory:

Hand Weapons
 a - a +2 dagger (weapon)
 b - a +0 hunting sling
Missiles
 d - 23 poisoned darts (quivered)
 e - 4 curare-tipped darts
 s - a throwing net
Armour
 c - a +0 cloak (worn)
 h - an orb of light (worn)
 l - a +2 helmet (worn)
 r - a +2 leather armour of fire resistance (worn)
 z - a +0 pair of gloves (worn)
Jewellery
 g - a ring of magical power
 t - an amulet of regeneration (around neck)
 v - a +4 ring of evasion (left hand)
 x - a +4 ring of evasion (right hand)
 y - a ring of fire
Wands
 f - a wand of paralysis (7)
 D - a wand of mindburst (12)
Scrolls
 i - 8 scrolls of teleportation
 k - a scroll of torment {unknown}
 A - a scroll of noise {unknown}
 B - a scroll of amnesia {unknown}
 E - a scroll of silence {unknown}
Potions
 m - 2 potions of attraction
 n - 3 potions of flight
 o - 6 potions of curing
 q - 2 potions of brilliance
 u - a potion of mutation
 F - a potion of invisibility {unknown}
 G - a potion of haste {unknown}


   Skills:
 + Level 6.8 Fighting
 + Level 7.1 Short Blades
 - Level 1.7 Throwing
 - Level 1.0 Dodging
 - Level 6.0 Stealth
 * Level 5.8 Invocations


You had 8 spell levels left.
You didn't know any spells.
Your spell library was empty.

Dungeon Overview and Level Annotations

Branches:
Dungeon (7/15)             Temple (1/1) D:5          Bailey (1/1)

Altars:
Ashenzari
Cheibriados
Dithmenos
Elyvilon
Fedhas
Gozag
Hepliaklqana
Kikubaaqudgha
Makhleb
Nemelex Xobeh
Okawaru
Qazlal
Ru
Sif Muna
Trog
Uskayaw
Vehumet
Wu Jian
Xom
Yredelemnul
Zin
The Shining One
Beogh

Shops:
D:3 !   D:6 !

Annotations:
D:1 fire cloud items


Innate Abilities, Weirdness & Mutations

You have razor-sharp teeth.
Your natural rate of healing is unusually fast.
When hurt, damage is shared between your health and your magic reserves.
Your bite disrupts and absorbs the magic of your enemies.
Potions cannot restore your health.


Message History

The orc warrior is no longer sharing its pain. x2
The orc warrior is no longer sharing its pain.
The orc warrior hits you from afar with a +0 halberd!
The orc warrior hits you from afar with a +0 halberd!
* * * LOW HITPOINT WARNING * * *
The orc warrior hits you from afar with a +0 glaive!
* * * LOW HITPOINT WARNING * * *
You can no longer pass through a line of other dancers.
You feel very mighty all of a sudden. The orc warrior completely misses you.
The orc warrior hits you but does no damage.
The orc warrior barely misses you.
The orc warrior completely misses you. x2
The orc warrior closely misses you.
You are confused.
Your system rejects the healing.
You feel invigorated. The orc warrior completely misses you.
The orc warrior hits you from afar with a +0 glaive!
* * * LOW HITPOINT WARNING * * *
The orc warrior barely misses you.
The orc warrior hits you but does no damage. x2
The orc warrior hits you from afar with a +0 halberd!
* * * LOW HITPOINT WARNING * * *
The orc warrior completely misses you. The orc warrior misses you.
The orc warrior completely misses you. The orc warrior misses you.
The orc warrior hits you but does no damage.
The orc warrior misses you.
The orc warrior hits you from afar with a +0 halberd!
* * * LOW HITPOINT WARNING * * *
The orc warrior misses you. The orc warrior barely misses you.
The orc warrior completely misses you. x2
There is an empty arch of ancient stone here.
You hit the orc warrior. You bite the orc warrior! You drain its power.
You feel invigorated.
The orc warrior is heavily wounded.
The orc warrior hits you with a +0 halberd!
* * * LOW HITPOINT WARNING * * *
The orc warrior barely misses you. x2
The orc warrior hits you from afar with a +0 halberd!
You die...

#..≈≈≈≈≈..####
.#...≈≈≈≈.....###
##...≈≈≈≈..♣♣...♣♣♣
#....≈ ≈..♣......♣♣
#...######.........♣
#...............∩..♣
'.)............o...♣
'.............oo...♣
#.)..))........o@..♣
#...######.........♣
#....≈≈≈≈.........♣♣
##.♣.≈≈≈≈..♣....♣♣♣
.#...≈≈≈≈.....###
$#..♣≈≈≈≈..♣.##
##..♣≈≈≈≈≈...#
....♣♣≈≈≈≈≈.♣#
#..♣♣♣≈≈≈≈≈♣♣


You could see 4 orc warriors.

Vanquished Creatures
  An orc knight (Bailey)
  Sigmund (D:3)
  The ghost of Hubjo the Skirmisher, an amateur DsMo (D:4)
  2 water moccasins
  2 orc warriors (Bailey)
  A sky beast (D:6)
  A black bear (D:5)
  A centaur (D:5)
  An ogre (D:6)
  2 phantoms
  A kobold brigand (D:6)
  2 bullfrogs
  2 scorpions (D:5)
  A necrophage (D:4)
  2 hounds
  3 orc priests
  2 jellies (D:5)
  An orc wizard (D:6)
  3 adders
  A shadow imp (D:6)
  An ufetubus (D:6)
  A worm (D:2)
  A dart slug (D:2)
  27 orcs
  6 bats
  6 endoplasms
  2 giant cockroaches
  10 goblins
  7 hobgoblins
  4 jackals (D:3)
  3 quokkas
  4 ball pythons
  3 frilled lizards
  9 kobolds
  9 rats
124 creatures vanquished.

Notes
Turn   | Place    | Note
-------+----------+-------------------------------------------
     0 | D:1      | zishaf the Vine Stalker Brigand began the quest for the
                  | Orb.
     0 | D:1      | Reached XP level 1. HP: 11/11 MP: 2/2
   198 | D:1      | Reached skill level 1 in Dodging
   202 | D:1      | Reached skill level 2 in Short Blades
   202 | D:1      | Reached skill level 5 in Stealth
   202 | D:1      | Reached XP level 2. HP: 15/15 MP: 3/3
   674 | D:1      | Reached XP level 3. HP: 15/18 MP: 4/4
  2004 | D:3      | Gained mutation: Your natural rate of healing is unusually
                  | fast. [Vine Stalker growth]
  2004 | D:3      | Reached XP level 4. HP: 7/23 MP: 2/5
  2074 | D:3      | Noticed Sigmund
  2090 | D:3      | Killed Sigmund
  2091 | D:3      | Reached skill level 3 in Short Blades
  2091 | D:3      | Reached XP level 5. HP: 28/28 MP: 6/6
  2091 | D:3      | Reached XP level 6. HP: 32/32 MP: 7/7
  2276 | D:3      | Found Uskuahem's Distillery.
  2307 | D:3      | Reached skill level 4 in Short Blades
  2410 | D:3      | Found a broken altar of Ashenzari.
  2929 | D:4      | Noticed a water moccasin
  3047 | D:4      | Found a runed translucent gate.
  3047 | D:4      | Found a runed translucent gate.
  3149 | D:3      | Killed a water moccasin
  3191 | D:3      | Reached XP level 7. HP: 37/38 MP: 8/8
  3331 | D:4      | Found a runed translucent gate.
  3342 | D:4      | Noticed Hubjo's ghost (amateur DsMo)
  3498 | D:4      | Reached skill level 5 in Short Blades
  3607 | D:4      | Found a white marble altar of Elyvilon.
  3608 | D:4      | Found a glowing silver altar of Zin.
  3681 | D:5      | Entered Level 5 of the Dungeon
  3868 | D:5      | Reached skill level 5 in Fighting
  3971 | D:5      | Gained mutation: You have razor-sharp teeth. [Vine Stalker
                  | growth]
  3971 | D:5      | Reached XP level 8. HP: 44/44 MP: 9/9
  4401 | D:5      | Found a staircase to the Ecumenical Temple.
  4410 | Temple   | Entered the Ecumenical Temple
  4637 | Temple   | Became a worshipper of Uskayaw the Reveller
  5196 | D:6      | Reached * piety under Uskayaw
  5199 | D:6      | Reached ** piety under Uskayaw
  5201 | D:6      | Reached skill level 6 in Short Blades
  5201 | D:6      | Reached skill level 1 in Invocations
  5378 | D:6      | Reached *** piety under Uskayaw
  5594 | D:6      | Found Ywut's Distillery.
  5652 | D:6      | Reached **** piety under Uskayaw
  5658 | D:6      | Reached ***** piety under Uskayaw
  6034 | D:4      | Killed Hubjo's ghost
  6035 | D:4      | Reached XP level 9. HP: 25/49 MP: 8/13
  6153 | D:7      | Found a flagged portal.
  6185 | Bailey   | Entered a bailey
  6264 | Bailey   | Noticed an orc knight
  6290 | Bailey   | Reached skill level 5 in Invocations
  6293 | Bailey   | Killed an orc knight
  6294 | Bailey   | Reached skill level 7 in Short Blades
  6312 | Bailey   | HP: 2/49 [orc warrior/+0 halberd (3)]
  6312 | Bailey   | Slain by an orc warrior

Illustrated notes

Levels and vault maps discovered:
D:1:      heliophobic_arrival_henge, layout_rooms, lemuel_flame_loot_1
D:2:      layout_loops_ring, minivault_19
D:3:      layout_loops_corners, mainiacjoe_overflow_24_doors, serial_shops,
          shop, uniq_sigmund
D:4:      layout_cave_pools, gammafunk_temple_overflow_statue,
          biasface_ghost_orc_armoury, serial_park, serial_park_square2,
          serial_park_square3 [serial_park_minivault_5x5_7], serial_park_square3
          [serial_park_minivault_5x5_8]
D:5:      layout_basic, minmay_temple_entry_butterflies
D:6:      layout_loops_ring, serial_shops, nicolae_shop_statue_plus, nrook_uturn
D:7:      layout_rooms, enter_bailey_2
Temple:   mainiacjoe_temple_bowtie_tessellation
Bailey:   bailey_polearm_elven_captive_hellmonk, bailey

Skill      XL: |  1  2  3  4  5  6  7  8  9 |
---------------+----------------------------+-----
Dodging        | 1 |  1.0
Fighting       | 2 3 4 5 6 |  6.8
Short Blades   | 2 3 4 5 6 7 |  7.1
Stealth        | 5 6 |  6.0
Invocations    | 4 5 |  5.8
Throwing       | |  1.7

Action                   |  1- 3 |  4- 6 |  7- 9 || total
-------------------------+-------+-------+-------++-------
Melee: Dagger            |    83 |   118 |   242 ||   443
       Bite              |    15 |    37 |   118 ||   170
 Fire: Hunting sling     |       |       |     7 ||     7
  Use: Scroll            |       |       |    14 ||    14
       Potion            |       |       |     3 ||     3
 Stab: Sleeping          |     4 |     1 |     3 ||     8
       Paralysed         |       |       |     7 ||     7
Armor: Robe              |    15 |     4 |       ||    19
       Leather armour    |       |    57 |    77 ||   134
Dodge: Dodged            |    40 |    81 |   161 ||   282

Table legend: (Time is in decaauts)
 A = Elapsed time spent in this place.
 B = Non-inter-level travel time spent in this place.
 C = Inter-level travel time spent in this place.
 D = Time resting spent in this place.
 E = Time spent auto-exploring this place.
 F = Levels seen in this place.
 G = Mean time per level.
                   A        B        C        D        E       F      G
               +--------+--------+--------+--------+--------+-----+--------+
         Total |   6221 |   5649 |    572 |    292 |   4374 |   9 |  691.2 |
       Dungeon |   5860 |   5319 |    541 |    292 |   4136 |   7 |  837.1 |
        Temple |    245 |    214 |     31 |      0 |    203 |   1 |  245.0 |
        Bailey |    115 |    115 |      0 |      0 |     35 |   1 |  115.0 |
               +--------+--------+--------+--------+--------+-----+--------+

Top non-repeatable levels by time:
     D:5: 1199 daAuts
     D:3: 1186 daAuts
     D:1: 1081 daAuts
     D:2: 843 daAuts
     D:6: 841 daAuts
     D:4: 679 daAuts
  Temple: 245 daAuts
  Bailey: 115 daAuts
     D:7: 29 daAuts
